 Dungeon Crawl Stone Soup version 0.21-a0-531-gacddea6 (webtiles) character file.

40 teukkam the Magician (level 3, -2/28 HPs)
             Began as a Gnoll Wanderer on Dec 13, 2017.
             Slain by a goblin
             ... wielding a +0 dagger
             ... led by Robin
              (3 damage)
             ... on level 3 of the Dungeon.
             The game lasted 00:03:28 (840 turns).

teukkam the Magician (Gnoll Wanderer)                Turns: 840, Time: 00:03:29

Health: -2/28      AC:  3    Str: 14    XL:     3   Next: 50%
Magic:  7/11       EV: 11    Int: 17    God:
Gold:   26         SH:  0    Dex: 12    Spells: 14/16 levels left

rFire    . . .     SeeInvis .   a - +2 quarterstaff
rCold    . . .     Gourm    .   (shield currently unavailable)
rNeg     . . .     Faith    .   d - +1 robe
rPois    .         Spirit   .   (no helmet)
rElec    .         Reflect  .   (no cloak)
rCorr    .         Harm     .   (no gloves)
MR       .....     Rnd*Tele +   (no boots)
Stlth    ..........             (no amulet)
HPRegen  0.09/turn              g - ring of teleportation (curse)
MPRegen  0.12/turn              e - ring of loudness (curse)

@: no status effects
A: distributed training, fangs 1, strong nose
a: no special abilities


You were on level 3 of the Dungeon.
You were not hungry.

You visited 1 branch of the dungeon, and saw 3 of its levels.

You collected 26 gold pieces.

Inventory:

Hand Weapons
 a - a +2 quarterstaff (weapon)
Missiles
 o - 8 poisoned needles
Armour
 d - a +1 robe (worn)
Jewellery
 e - a cursed ring of loudness (right hand)
 g - a cursed ring of teleportation (left hand)
 j - an uncursed ring of resist corrosion
Wands
 c - a wand of random effects (15)
Potions
 m - a potion of degeneration
Books
 b - the Disquisition on Sinister Secrets

   Spells                             Type                      Level
   a - Corpse Rot                     Necromancy                   2
   b - Sublimation of Blood           Necromancy                   2
Comestibles
 f - 3 bread rations
 i - a royal jelly


   Skills:
 + Level 2.6 Fighting
 + Level 0.8 Short Blades
 + Level 0.8 Long Blades
 + Level 0.8 Axes
 + Level 0.8 Maces & Flails
 + Level 0.8 Polearms
 + Level 4.5 Staves
 + Level 0.8 Slings
 + Level 0.8 Bows
 + Level 0.8 Crossbows
 + Level 0.8 Throwing
 + Level 0.8 Armour
 + Level 0.8 Dodging
 + Level 0.8 Stealth
 + Level 2.6 Shields
 + Level 0.8 Unarmed Combat
 + Level 7.1 Spellcasting
 + Level 0.5 Conjurations
 + Level 0.5 Hexes
 + Level 0.5 Charms
 + Level 0.5 Summonings
 + Level 0.5 Necromancy
 + Level 0.5 Translocations
 + Level 0.5 Transmutations
 + Level 0.5 Fire Magic
 + Level 0.5 Ice Magic
 + Level 0.5 Air Magic
 + Level 3.7 Earth Magic
 + Level 0.5 Poison Magic
 + Level 1.0 Invocations
 + Level 2.6 Evocations


You had 14 spell levels left.
You knew the following spells:

 Your Spells              Type           Power        Failure   Level  Hunger
a - Corpse Rot            Necr           N/A          14%         2    None


Dungeon Overview and Level Annotations

Branches:
Dungeon (3/15)

Altars:
Fedhas
Qazlal

Annotations:
D:2 exclusion: oklob plant
D:3 Robin


Innate Abilities, Weirdness & Mutations

Your experience applies equally to all skills.
You have very sharp teeth.
Your uncanny sense of smell can sniff out nearby items.


Message History

* * * LOW HITPOINT WARNING * * *
Unknown command.
You sock the goblin!
You kill the goblin!
The goblin misses you. The goblin hits you but does no damage.
Robin hits you with a falchion.
* * * LOW HITPOINT WARNING * * *
Casting: Corpse Rot
Confirm with . or Enter, or press ? or * to list all spells.
Nothing appears to happen.
The goblin closely misses you. x2
The goblin hits you with a dagger.
* * * LOW HITPOINT WARNING * * *
Robin hits you but does no damage.
Unknown command.
Casting: Corpse Rot
Confirm with . or Enter, or press ? or * to list all spells.
Nothing appears to happen.
The goblin hits you with a club.
* * * LOW HITPOINT WARNING * * *
The goblin hits you with a dagger.
You die...

***>*** ********,
#8...8# *,,,
*#.....## *,**
*8.....8# **,**
*#.....#*******,,,*
#8...8#*,,,,,,,,,,
##ggg.[##******,,,*
#8ggg..8# **,**
*#@ggg.#* **,,,*
#8gg.8#******,,,,,
###_###*,,**,,,,,,
*#### **,***,,,,,
*#.## *,* **,,,*
*.# *,* **,** *.#
*,* ***
*.#****,********
*,,,,,,,,,,,,,,,


You could see Robin, 3 hobgoblins and 7 goblins.

Vanquished Creatures
  A worker ant (D:3)
  A dart slug (D:1)
  A leopard gecko (D:2)
  4 goblins
  A hobgoblin (D:2)
  A bat (D:2)
  A frilled lizard (D:2)
  4 kobolds
  2 rats (D:2)
16 creatures vanquished.

Notes
Turn   | Place    | Note
-------+----------+-------------------------------------------
     0 | D:1      | teukkam the Gnoll Wanderer began the quest for the Orb.
     0 | D:1      | teukkam set off with: a +2 quarterstaff, the Disquisition on Sinister Secrets, a wand of random effects (15), a +0 robe, a bread ration
     0 | D:1      | Reached XP level 1. HP: 17/17 MP: 8/8
     0 | D:1      | Identified the Disquisition on Sinister Secrets
   320 | D:2      | Reached XP level 2. HP: 18/23 MP: 10/10
   394 | D:2      | Noticed a fire elemental
   395 | D:2      | Found a stormy altar of Qazlal.
   396 | D:2      | Noticed an earth elemental
   396 | D:2      | Noticed an air elemental
   396 | D:2      | Noticed a water elemental
   420 | D:2      | Learned a level 2 spell: Corpse Rot
   514 | D:2      | Found a blossoming altar of Fedhas.
   534 | D:2      | Noticed an oklob plant
   583 | D:3      | Reached XP level 3. HP: 12/28 MP: 7/11
   833 | D:3      | Found a blossoming altar of Fedhas.
   833 | D:3      | Noticed Robin
   835 | D:3      | Reached skill level 1 in Invocations
   840 | D:3      | HP: 1/28 [goblin/club[Robin] (1)]
   840 | D:3      | Slain by a goblin

Vault maps used:
D:1:      dpeg_arrival_pits, lemuel_another_geyser
D:2:      lemuel_crystal_altar, nicolae_qazlal_style_of_elements, first_bread,
          tgw_fedhas
D:3:      nicolae_overflow_hidden_temple, uniq_grinder, uniq_robin, uniq_ijyb

Skill      XL: |  1  2  3 |
---------------+----------+-----
Invocations    | 1 |  1.0
Fighting       | |  2.6
Short Blades   | |  0.8
Long Blades    | |  0.8
Axes           | |  0.8
Maces & Flails | |  0.8
Polearms       | |  0.8
Staves         | |  4.5
Slings         | |  0.8
Bows           | |  0.8
Crossbows      | |  0.8
Throwing       | |  0.8
Armour         | |  0.8
Dodging        | |  0.8
Stealth        | |  0.8
Shields        | |  2.6
Unarmed Combat | |  0.8
Spellcasting   | |  7.1
Conjurations   | |  0.5
Hexes          | |  0.5
Charms         | |  0.5
Summonings     | |  0.5
Necromancy     | |  0.5
Translocations | |  0.5
Transmutations | |  0.5
Fire Magic     | |  0.5
Ice Magic      | |  0.5
Air Magic      | |  0.5
Earth Magic    | |  3.7
Poison Magic   | |  0.5
Evocations     | |  2.6

Action                   || total
-------------------------++-------
Melee: Quarterstaff      ||    39
       Bite              ||     4
 Cast: Corpse Rot        ||     3
  Use: Scroll            ||     3
       Potion            ||     3
Armor: Robe              ||    11
Dodge: Dodged            ||    35

Table legend:
 A = Spawn XP
 B = Non-spawn XP
 C = Spawn XP percentage of total XP
 D = Spawn monster count
 E = Non-spawn monster count
 F = Spawn count percentage of total count
 G = Total turns spent on level
                    A         B        C        D         E        F      G
               +---------+---------+-------+---------+---------+-------+---------
         Total |       0 |      58 |   0.0 |       0 |      16 |   0.0 |   840
               +---------+---------+-------+---------+---------+-------+---------
           D:1 |       0 |       9 |   0.0 |       0 |       4 |   0.0 |   318
           D:2 |       0 |       9 |   0.0 |       0 |       6 |   0.0 |   246
           D:3 |       0 |      40 |   0.0 |       0 |       6 |   0.0 |   276
               +---------+---------+-------+---------+---------+-------+---------
